 Dungeon Crawl Stone Soup version 0.24-a0-269-g32ec7ca (webtiles) character file.

Game seed: 3156489282599526917

42081 MatthieuS the Fencer (level 13, -5/114 HPs)
             Began as a Minotaur Monk on Apr 22, 2019.
             Was the Champion of Okawaru.
             Slain by Rupert
             ... wielding a +3 executioner's axe of flaming
              (12 damage)
             ... on level 6 of the Lair of Beasts.
             The game lasted 00:37:06 (17381 turns).

MatthieuS the Fencer (Minotaur Monk)               Turns: 17381, Time: 00:37:07

Health: -5/114     AC: 15    Str: 20      XL:     13   Next: 83%
Magic:  15/20      EV: 19    Int:  6 (7)  God:    Okawaru [******]
Gold:   1188       SH:  0    Dex: 14      Spells: 12/12 levels left

rFire    . . .     SeeInvis .   a - +2 great sword (flame)
rCold    + . .     Gourm    .   (shield currently unavailable)
rNeg     . . .     Faith    +   D - +0 ring mail of Casmien {rC+ MR+ Slay+3}
rPois    +         Spirit   .   d - +1 hat
rElec    +         Reflect  .   v - +2 cloak
rCorr    .         Harm     .   c - +1 pair of gloves
MR       +++..                  (no boots)
Stlth    +++.......             I - amulet of faith {!P}
HPRegen  0.29/turn              y - ring of poison resistance
MPRegen  0.17/turn              l - ring of protection from magic

@: heroism, finesse
A: retaliatory headbutt, horns 2, deterioration 1, magic resistance 1, sense
surroundings 1, electricity resistance
a: Heroism, Finesse, Renounce Religion


You were on level 6 of the Lair of Beasts.
You worshipped Okawaru.
Okawaru was exalted by your worship.
You were not hungry.

You visited 3 branches of the dungeon, and saw 17 of its levels.

You collected 1188 gold pieces.

Inventory:

Hand Weapons
 a - a +2 great sword of flaming (weapon)
   (Okawaru gifted it to you on level 8 of the Dungeon)
 i - a +1 great sword of freezing
   (Okawaru gifted it to you on level 3 of the Lair of Beasts)
 q - a +0 scimitar of flaming
   (You took it off Erica on level 8 of the Dungeon)
Armour
 c - a +1 pair of gloves (worn)
   (You found it on level 4 of the Dungeon)
 d - a +1 hat (worn)
   (Okawaru gifted it to you on level 2 of the Lair of Beasts)
 o - a scarf of repulsion
   (You found it on level 5 of the Lair of Beasts)
 v - a +2 cloak (worn)
   (You found it on level 3 of the Dungeon)
 B - the +0 chain mail of Tyqalet {MR+}
   (Okawaru gifted it to you on level 5 of the Lair of Beasts)

   It affects your resistance to hostile enchantments.
 D - the +0 ring mail of Casmien (worn) {rC+ MR+ Slay+3}
   (You found it on level 6 of the Dungeon)

   It affects your accuracy and damage with ranged weapons and melee attacks
   (+3).
   It protects you from cold.
   It affects your resistance to hostile enchantments.
Jewellery
 l - a ring of protection from magic (right hand)
   (You found it on level 9 of the Dungeon)
 m - an uncursed ring of resist corrosion
   (You found it on level 1 of the Dungeon)
 y - a ring of poison resistance (left hand)
   (You found it on level 5 of the Dungeon)
 A - an uncursed amulet of rage {unknown}
   (You found it on level 5 of the Lair of Beasts)
 I - an amulet of faith (around neck) {!P}
   (You found it on level 1 of the Lair of Beasts)
Wands
 t - a wand of flame (19)
   (You found it on level 7 of the Dungeon)
 u - a wand of paralysis (2)
   (You found it on level 1 of the Lair of Beasts)
 x - a wand of acid (4)
   (You took it off an orc on level 10 of the Dungeon)
Scrolls
 f - 3 scrolls of fog
 g - 2 scrolls of magic mapping
 n - 14 scrolls of teleportation {@r4}
 r - 4 scrolls of remove curse {@r2}
 C - 2 scrolls of immolation {!r}
 G - 5 scrolls of blinking
 K - 2 scrolls of enchant weapon
Potions
 b - 2 potions of lignification {!q}
 h - 6 potions of brilliance
 j - 4 potions of agility
 p - 5 potions of curing {@q1}
 s - a potion of heal wounds {@q2}
 w - a potion of flight
 z - 2 potions of haste {unknown}
 F - 2 potions of cancellation
Miscellaneous
 k - a phantom mirror
Comestibles
 e - 32 rations
 E - 4 chunks of flesh


   Skills:
 + Level 10.4(15.4) Fighting
 * Level 19.0(24.0) Long Blades
 + Level 8.4(13.4) Armour
 + Level 8.7(13.7) Dodging
 - Level 1.5(6.5) Stealth
 + Level 11.4 Invocations


You had 12 spell levels left.
You didn't know any spells.
Your spell library contained the following spells:

 Spells                   Type           Power        Failure   Level  Hunger
 Confusing Touch          Hex            #.....       58%         1    ##.....
 Confuse                  Hex            #.......     91%         3    ####...
 Gell's Gravitas          Tloc           #.........   91%         3    ####...
 Ice Form                 Ice/Tmut       #.......     100%        4    #####..
 Petrify                  Tmut/Erth      #.......     100%        4    #####..
 Metabolic Englaciation   Hex/Ice        #.........   100%        5    ######.
 Yara's Violent Unravell  Hex/Tmut       #.........   100%        5    ######.
 Bolt of Cold             Conj/Ice       #.........   100%        6    #######
 Freezing Cloud           Conj/Ice/Air   #.........   100%        6    #######
 Ozocubu's Refrigeration  Ice            #.........   100%        6    #######
 Simulacrum               Ice/Necr       #.........   100%        6    #######


Dungeon Overview and Level Annotations

Branches:
Dungeon (10/15)            Temple (1/1) D:4            Lair (6/6) D:8
 Shoals (0/4) Lair:2       Spider (0/4) Lair:4        Slime (0/5) Lair:5
    Orc (0/2) D:10

Altars:
Ashenzari
Cheibriados
Dithmenos
Fedhas
Gozag
Hepliaklqana
Kikubaaqudgha
Makhleb
Nemelex Xobeh
Okawaru
Qazlal
Ru
Sif Muna
Trog
Uskayaw
Vehumet
Wu Jian
Xom
Yredelemnul
Zin
The Shining One

Shops:
D:4 =   D:5 [   D:10 [

Annotations:
D:6 2 transporters, simesy's ghost, novice SpCj
Lair:6 Rupert


Innate Abilities, Weirdness & Mutations

You reflexively headbutt those who attack you in melee.
You have a pair of horns on your head.
Your body sometimes deteriorates upon taking damage.
You are resistant to hostile enchantments. (MR+)
You passively map a small area around you.
You are resistant to electric shocks. (rElec)


Message History

You kill the yak!
Okawaru accepts your kill.
You hit the yak. You burn the yak. You headbutt the yak. You slash the yak!
You burn the yak. The yak gores you but does no damage.
You slash the yak! You burn the yak!
You kill the yak!
Okawaru accepts your kill.
You slice the yak!! You burn the yak. You closely miss the yak.
The yak gores you but does no damage.
You hit the yak. You burn the yak. You open the yak like a pillowcase!!!
You burn the yak.
You kill the yak!
Okawaru accepts your kill. The yak gores you but does no damage.
You hit the yak. You burn the yak. You headbutt the yak. The yak gores you.
You hit the yak. You burn the yak. You slash the yak! You burn the yak.
Your headbutt misses the yak. You slice the yak!! You burn the yak.
You kill the yak!
Okawaru accepts your kill. The yak gores you!
Your body deteriorates!
You feel dopey.
You slash the yak! You burn the yak. You headbutt the yak!
You hit the yak but do no damage. You hit the yak. You burn the yak.
You headbutt the yak. The yak gores you. The yak misses you.
You furiously retaliate!
You headbutt the yak. You barely miss the yak. You headbutt the yak.
You kill the yak!
Okawaru accepts your kill.
Rupert roars madly and goes into a rage!
Rupert goes berserk!
You slash Rupert! You burn Rupert. You headbutt Rupert. You slice Rupert!!
You burn Rupert! You headbutt Rupert! Rupert completely misses you.
You furiously retaliate!
You headbutt Rupert! You slice Rupert!! You burn Rupert!
Your headbutt misses Rupert. You slice Rupert!! You burn Rupert.
Your headbutt misses Rupert. You slash Rupert! You burn Rupert.
You headbutt Rupert. The yak completely misses you.
Rupert hits you with a +3 executioner's axe of flaming!!
* * * LOW HITPOINT WARNING * * *
Rupert burns you!
* * * LOW HITPOINT WARNING * * *
You hit Rupert. You burn Rupert. The yak closely misses you.
You hit Rupert. You burn Rupert.
Unknown command.
You hit Rupert. You burn Rupert.
Rupert hits you with a +3 executioner's axe of flaming!!!
* * * LOW HITPOINT WARNING * * *
Rupert burns you!
You die...

###### # ## ###....#
* #######.###......#
....P.##.##..<...## ,
...PPP#......P....##
,
.........##.#..)(..#
...รท..#.#.###.##@Y##
* ..........#
####@Y....#
##.......## ##.......
.#.......# #......
........## ...... ,
...P...## ,#..... , ,
..PP....P * ..... ,
........# ,./...
......... , * ,,,


You could see Rupert (berserk) and 2 yaks.

Vanquished Creatures
  Nessos (Lair:6)
  Erolcha (D:9)
  A fire dragon (Lair:5)
  3 hydras
  Erica (D:8)
  2 two-headed ogres (D:10)
  Sonja (Lair:3)
  4 oklob plants (Lair:3)
  4 elephants (Lair:4)
  4 black mambas
  A merfolk siren (Lair:2)
  A torpor snail (Lair:5)
  12 spiny frogs
  A gargoyle (D:10)
  13 rime drakes
  2 komodo dragons (Lair:2)
  A troll (D:10)
  A queen bee (D:10)
  3 polar bears
  Prince Ribbit (D:6)
  7 dream sheep (Lair:4)
  5 blink frogs (Lair:2)
  8 hippogriffs
  3 redbacks (Lair:4)
  Sigmund (D:2)
  32 yaks
  3 basilisks
  3 wyverns
  Eustachio (D:6)
  11 steam dragons (Lair:5)
  A vampire mosquito (D:7)
  5 hungry ghosts
  3 wargs (D:10)
  6 water moccasins
  9 porcupines
  4 orc warriors
  2 sky beasts
  The ghost of RedSky the Firebug, an amateur FeFE of Vehumet (D:5)
  An ice beast (D:5)
  2 phantoms
  3 black bears (Lair:3)
  A necrophage (D:10)
  An eye of draining (D:9)
  16 wolves
  11 ogres
  2 centaurs
  11 crocodiles
  2 big kobolds
  11 bullfrogs
  2 gnoll sergeants
  A wyvern zombie (D:9)
  4 scorpions
  A hornet simulacrum (D:9)
  13 killer bees
  A water moccasin skeleton (D:7)
  2 electric eels
  7 crimson imps
  A centaur zombie (D:10)
  2 quasits
  A bullfrog zombie (D:10)
  3 hounds
  A gnoll shaman (D:7)
  A bullfrog skeleton (D:9)
  3 jellies
  An orc priest (D:10)
  7 orc wizards
  2 centaur skeletons (D:5)
  Ijyb (D:4)
  3 iguanas
  5 worker ants
  A killer bee zombie (D:8)
  3 hound skeletons
  A howler monkey zombie (D:9)
  A killer bee simulacrum (D:9)
  2 worker ant zombies (D:6)
  13 adders
  12 gnolls
  A hound simulacrum (D:9)
  2 shadow imps
  A white imp (D:9)
  2 ufetubi (D:9)
  An ooze (D:3)
  An adder zombie (D:5)
  2 adder skeletons
  5 worms
  2 dart slugs
  An adder simulacrum (D:9)
  7 leopard geckos
  26 orcs
  4 giant cockroaches
  11 goblins
  5 hobgoblins
  7 jackals
  23 kobolds
  5 quokkas
  3 ball pythons
  A ball python zombie (D:6)
  6 bats
  6 frilled lizards
  2 leopard gecko skeletons
  A leopard gecko zombie (D:5)
  12 rats
  3 fungi (Lair:5)
  8 plants
467 creatures vanquished.

Vanquished Creatures (others)
  A killer bee (D:10)
  9 fungi
  9 plants
19 creatures vanquished.

Grand Total: 486 creatures vanquished

Notes
Turn   | Place    | Note
-------+----------+-------------------------------------------
     0 | D:1      | MatthieuS the Minotaur Monk began the quest for the Orb.
     0 | D:1      | Reached XP level 1. HP: 19/19 MP: 0/0
   307 | D:1      | Reached skill level 4 in Long Blades
   386 | D:1      | Reached XP level 2. HP: 25/27 MP: 1/1
   841 | D:2      | Reached XP level 3. HP: 29/33 MP: 2/2
   842 | D:2      | Noticed Sigmund
  1057 | D:2      | Killed Sigmund
  1057 | D:2      | Reached skill level 5 in Fighting
  1057 | D:2      | Reached skill level 6 in Long Blades
  1057 | D:2      | Reached XP level 4. HP: 24/42 MP: 3/3
  1057 | D:2      | Reached XP level 5. HP: 28/48 MP: 4/4
  1372 | D:2      | Found a radiant altar of Vehumet.
  1372 | D:2      | Noticed a phantom
  1414 | D:2      | Killed a phantom
  1414 | D:2      | Reached skill level 7 in Long Blades
  1414 | D:2      | Reached XP level 6. HP: 24/56 MP: 5/5
  1708 | D:2      | Found a sacrificial altar of Ru.
  2377 | D:3      | Found a hazy altar of Hepliaklqana.
  2714 | D:4      | Found a staircase to the Ecumenical Temple.
  2725 | Temple   | Entered the Ecumenical Temple
  2921 | Temple   | Became a worshipper of Warmaster Okawaru
  2921 | Temple   | Reached * piety under Okawaru
  2921 | Temple   | Reached ** piety under Okawaru
  3203 | D:4      | Found an iron altar of Okawaru.
  3370 | D:4      | Reached skill level 1 in Invocations
  3416 | D:4      | Noticed Ijyb
  3430 | D:4      | Killed Ijyb
  3527 | D:4      | Found Wadeh's Jewellery Emporium.
  3562 | D:5      | Entered Level 5 of the Dungeon
  3669 | D:5      | Reached skill level 8 in Long Blades
  3715 | D:5      | Found Xunwom's Antique Armour Boutique.
  3715 | D:5      | Noticed an ice beast
  3722 | D:5      | Reached XP level 7. HP: 59/62 MP: 7/7
  3780 | D:5      | Got a warped wooden ring
  3830 | D:5      | Found a runed translucent door.
  3835 | D:5      | Noticed RedSky's ghost (amateur FeFE)
  3844 | D:5      | Reached skill level 9 in Long Blades
  3859 | D:5      | Killed RedSky's ghost
  4102 | D:5      | Found a runed translucent door.
  4153 | D:5      | Found an opulent altar of Gozag.
  4300 | D:5      | Reached XP level 8. HP: 46/70 MP: 6/9
  4345 | D:5      | Found a shimmering altar of Xom.
  4355 | D:5      | Reached *** piety under Okawaru
  4369 | D:5      | Reached skill level 10 in Long Blades
  4599 | D:6      | Noticed Prince Ribbit
  4611 | D:6      | Killed Prince Ribbit
  4756 | D:6      | Got a sapphire-encrusted ring mail
  4769 | D:6      | Identified the cursed +0 ring mail of Casmien {rC+ MR+
                  | Slay+3} (You found it on level 6 of the Dungeon)
  4788 | D:6      | Reached skill level 11 in Long Blades
  4828 | D:6      | Found a glowing golden altar of the Shining One.
  4969 | D:6      | Found a transporter.
  5027 | D:6      | Noticed Eustachio
  5051 | D:6      | Reached skill level 5 in Invocations
  5077 | D:6      | Killed Eustachio
  5284 | D:6      | Reached XP level 9. HP: 33/75 MP: 12/12
  5650 | D:6      | Identified the ring "Maraz" {+Inv rPois rC+ MR- Slay-3}
                  | (You found it on level 5 of the Dungeon)
  5757 | D:6      | Found a transporter.
  5766 | D:6      | Identified the ring of Pest {+Inv rC+ Str+3 Stlth+}
  5802 | D:6      | Noticed simesy's ghost (novice SpCj)
  5802 | D:6      | Identified the +8 trident of the Purse {venom, MR+ MP-9
                  | Dex+3}
  5802 | D:6      | Identified the +2 ring mail of Muashu {Dex+2}
  5802 | D:6      | Identified the +5 shield of Wuwk {Int+4}
  5919 | D:7      | Reached skill level 12 in Long Blades
  5937 | D:7      | Reached **** piety under Okawaru
  6295 | D:7      | Found a deep blue altar of Sif Muna.
  6510 | D:7      | Reached skill level 13 in Long Blades
  6804 | D:8      | Found a staircase to the Lair.
  6911 | D:8      | Noticed Erica
  6928 | D:8      | Reached ***** piety under Okawaru
  6954 | D:8      | Reached XP level 10. HP: 57/83 MP: 14/14
  6964 | D:8      | Killed Erica
  6964 | D:8      | Received a gift from Okawaru
  6964 | D:8      | Reached skill level 14 in Long Blades
  7498 | D:9      | Reached skill level 15 in Long Blades
  8004 | D:9      | Gained mutation: You are resistant to hostile enchantments.
                  | (MR+) [potion of mutation]
  8004 | D:9      | Gained mutation: Your body sometimes deteriorates upon
                  | taking damage. [potion of mutation]
  8004 | D:9      | Gained mutation: You passively map a small area around you.
                  | [potion of mutation]
  8004 | D:9      | Gained mutation: You are resistant to electric shocks.
                  | (rElec) [potion of mutation]
  8145 | D:9      | Noticed a moth of wrath
  8146 | D:9      | Noticed Erolcha
  8147 | D:9      | Found a bloodstained altar of Trog.
  8151 | D:9      | Killed Erolcha
  8227 | D:9      | Found a hide-covered altar of Uskayaw.
  8374 | D:10     | Entered Level 10 of the Dungeon
  8404 | D:10     | Received a gift from Okawaru
  8406 | D:10     | Reached XP level 11. HP: 84/89 MP: 13/16
  8444 | D:10     | Reached skill level 16 in Long Blades
  8551 | D:10     | Noticed a two-headed ogre
  8557 | D:10     | Killed a two-headed ogre
  8557 | D:10     | Reached skill level 1 in Armour
  8561 | D:10     | Noticed a two-headed ogre
  8566 | D:10     | Killed a two-headed ogre
  8973 | D:10     | Found Puwiuric's Armour Emporium.
  9135 | D:10     | Found a staircase to the Orcish Mines.
  9138 | D:10     | Received a gift from Okawaru
  9450 | Lair:1   | Entered Level 1 of the Lair of Beasts
  9692 | Lair:1   | Reached skill level 5 in Dodging
 10130 | Lair:2   | Reached skill level 17 in Long Blades
 10130 | Lair:2   | Reached XP level 12. HP: 15/100 MP: 12/18
 10147 | Lair:2   | Reached ****** piety under Okawaru
 10147 | Lair:2   | Received a gift from Okawaru
 10277 | Lair:2   | Reached skill level 10 in Invocations
 10663 | Lair:2   | Reached skill level 5 in Armour
 10710 | Lair:2   | Noticed a five-headed hydra
 10717 | Lair:2   | Killed a three-headed hydra
 11021 | Lair:2   | Found a staircase to the Shoals.
 12051 | Lair:3   | Noticed a five-headed hydra
 12067 | Lair:3   | Killed a two-headed hydra
 12462 | Lair:3   | Got a steaming glass ring
 12480 | Lair:3   | Noticed Sonja
 12652 | Lair:3   | Identified the ring "Tant" {Ice Dex+4} (You found it on
                  | level 3 of the Lair of Beasts)
 13027 | Lair:3   | Reached skill level 18 in Long Blades
 13468 | Lair:3   | Killed Sonja
 13468 | Lair:3   | Received a gift from Okawaru
 13932 | Lair:4   | Reached XP level 13. HP: 78/111 MP: 20/20
 14540 | Lair:4   | Found a hole to the Spider Nest.
 15617 | Lair:5   | Received a gift from Okawaru
 15658 | Lair:5   | Got an ichor-stained chain mail {god gift}
 16007 | Lair:5   | Identified the +0 chain mail of Tyqalet {MR+} (Okawaru
                  | gifted it to you on level 5 of the Lair of Beasts)
 16231 | Lair:5   | Reached skill level 10 in Fighting
 16556 | Lair:5   | Noticed a fire dragon
 16565 | Lair:5   | Killed a fire dragon
 17163 | Lair:5   | Found a staircase to the Slime Pits.
 17304 | Lair:6   | Entered Level 6 of the Lair of Beasts
 17338 | Lair:6   | Noticed Nessos
 17348 | Lair:6   | Killed Nessos
 17348 | Lair:6   | Reached skill level 19 in Long Blades
 17350 | Lair:6   | Noticed Rupert
 17381 | Lair:6   | Slain by Rupert

Levels and vault maps discovered:
D:1:      noname_arrival_rooms_in_the_neighbourhood, layout_basic
D:2:      layout_basic, nicolae_overflow_crystal_walls,
          nicolae_ru_the_path_less_chosen, uniq_sigmund
D:3:      layout_basic, lemuel_doored_altar
D:4:      layout_loops_ring, minmay_temple_entry_sparse_star, serial_shops,
          nicolae_shop_trees, serial_glass, glass_columns_b, glass_columns_a,
          glass_columns_b, glass_columns_b, glass_columns_c, glass_columns_b,
          glass_columns_a, glass_columns_b, kennysheep_crisscross,
          okawaru_gym_becter, uniq_ijyb
D:5:      layout_loops_ring, grunt_gozag_breadcrumbs, led_xom_imps,
          first_ration, ebering_ghost_sewer_f, serial_shops,
          nicolae_shop_crystal
D:6:      layout_loops_cross, lemuel_crystal_altar,
          gammafunk_ghost_gnarly_gnolls, minmay_misc_feat_iff,
          uniq_prince_ribbit1, uniq_eustachio
D:7:      minmay_chambers_of_fours, layout_gridville, kennysheep_mini_moat
D:8:      layout_basic, lair_entry_dummy, uniq_erica
D:9:      layout_rooms, tgw_trog, marbit_many_paths, serial_ice, serial_ice_n,
          serial_ice_f, serial_ice_m, serial_ice_k, uniq_erolcha
D:10:     layout_cave_pools, minmay_orc_entry_guard_dogs, serial_gnoll_camp,
          gnoll_camp_mini_shop, gnoll_camp_mini_hut, gnoll_camp_mini_loothouse,
          gnoll_camp_mini_hut, david_nohive_1, lemuel_old_faithful
Temple:   nicolae_temple_figure_eight
Lair:1:   layout_regular_city, serial_rivers, chequers_serial_rivers_micro_d,
          chequers_serial_rivers_micro_d, chequers_serial_rivers_small_b,
          chequers_serial_rivers_room_a
Lair:2:   layout_layer_cave, minmay_shoals_entry_lonely_mermaid,
          nicolae_lair_grove_arrangements, lemuel_fruit_tree
Lair:3:   layout_roguey, chequers_serial_rivers_micro_a,
          grunt_forest_stairs_basic, beast_lair_carwin_6,
          minmay_lair_oklob_chamber, grunt_megastairs_3, uniq_sonja
Lair:4:   layout_regular_city, spider_nest_entry_webs, serial_bayou_shore_a
Lair:5:   layout_regular_city, slime_dummy, st_stairs_12,
          chequers_serial_rivers_micro_d, bobbens_dragon_lair_wall
Lair:6:   minmay_lair_end_enchanted_forest, layout_layer_cave,
          eino_house_with_fridge, uniq_nessos, uniq_rupert, uniq_urug

Skill      XL: |  1  2  3  4  5  6  7  8  9 10 11 12 13 |
---------------+----------------------------------------+-----
Long Blades    | 4 6 7 8 9 11 13 15 17 18 19 | 19.0
Fighting       | 4 5 7 9 10 | 10.4
Invocations    | 1 3 5 7 9 10 11 | 11.4
Armour         | 4 6 8 |  8.4
Dodging        | 5 7 8 |  8.7
Stealth        | |  1.5

Action                   |  1- 3 |  4- 6 |  7- 9 | 10-12 | 13-15 || total
-------------------------+-------+-------+-------+-------+-------++-------
Melee: Falchion          |    42 |   141 |   164 |       |       ||   347
       Headbutt          |     8 |    30 |    87 |   116 |    52 ||   293
       Long sword        |       |       |   153 |     7 |       ||   160
       Great sword       |       |       |       |   418 |   208 ||   626
Invok: Heroism           |       |     1 |     3 |     8 |     3 ||    15
       Finesse           |       |       |       |     1 |     2 ||     3
Evoke: Wand              |       |       |       |     2 |     1 ||     3
  Use: Potion            |       |       |     6 |    11 |     4 ||    21
       Scroll            |       |       |    14 |    10 |       ||    24
 Stab: Sleeping          |     3 |     1 |     6 |       |       ||    10
       Distracted        |       |       |     1 |     1 |     1 ||     3
  Eat: Chunk             |       |     9 |    12 |    17 |     3 ||    41
       Ration            |       |       |       |     3 |     2 ||     5
Armor: Robe              |     3 |     9 |       |       |       ||    12
       Leather armour    |       |     5 |    13 |       |       ||    18
       Ring mail         |       |       |    36 |   118 |    68 ||   222
Dodge: Dodged            |    33 |   103 |   197 |   292 |   163 ||   788
       Rpst.: Falchion   |    10 |    18 |    29 |       |       ||    57
       Long sword        |       |       |    27 |     2 |       ||    29
       Great sword       |       |       |       |    74 |    34 ||   108

Table legend:
 A = Non-vault XP
 B = Vault XP
 C = Vault XP percentage of total XP
 D = Non-vault monster count
 E = Vault monster count
 F = Vault count percentage of total count
                 A         B        C        D         E       F
            +---------+---------+-------+---------+---------+-------
      Total |   39620 |   20496 |  34.1 |     356 |     100 |  21.9
            +---------+---------+-------+---------+---------+-------
        D:1 |      29 |       0 |   0.0 |      19 |       0 |   0.0
        D:2 |     180 |     212 |  54.1 |      23 |       1 |   4.2
        D:3 |      51 |       0 |   0.0 |      18 |       0 |   0.0
        D:4 |     162 |      36 |  18.2 |      14 |       1 |   6.7
        D:5 |     615 |     306 |  33.2 |      14 |       7 |  33.3
        D:6 |     845 |     470 |  35.7 |      28 |       2 |   6.7
        D:7 |    1142 |     378 |  24.9 |      20 |       5 |  20.0
        D:8 |    1261 |     939 |  42.7 |      29 |       1 |   3.3
        D:9 |    1610 |    2404 |  59.9 |      31 |      19 |  38.0
       D:10 |    4309 |    1735 |  28.7 |      36 |      23 |  39.0
     Lair:1 |    3420 |       0 |   0.0 |      13 |       0 |   0.0
     Lair:2 |    7882 |     451 |   5.4 |      37 |       1 |   2.6
     Lair:3 |    3597 |    4513 |  55.6 |      16 |      12 |  42.9
     Lair:4 |    7307 |     670 |   8.4 |      29 |       3 |   9.4
     Lair:5 |    5067 |    7057 |  58.2 |      20 |      24 |  54.5
     Lair:6 |    2143 |    1325 |  38.2 |       9 |       1 |  10.0
            +---------+---------+-------+---------+---------+-------
